 Dungeon Crawl Stone Soup version 0.28.0-49-g6dfe1f597d (webtiles) character file.

Game seed: 6186227884800017338

1376 Zeld the Ogre Mage (level 8, -1/78 (80) HPs)
             Began as an Ogre Transmuter on May 19, 2022.
             Slain by a necrophage (2 damage)
             ... on level 6 of the Dungeon.
             The game lasted 00:06:07 (6682 turns).

Zeld the Ogre Mage (Ogre Transmuter)                Turns: 6682, Time: 00:06:07

HP:   -1/78 (80)    AC:  3    Str: 17    XL:     8   Next: 66%
MP:   5/17          EV: 10    Int: 14    God:
Gold: 277           SH:  0    Dex:  9    Spells: 10/20 levels left

rFire   . . .      SeeInvis .     - Unarmed
rCold   . . .      Faith    .   (no shield)
rNeg    . . .      Spirit   .   a - +0 robe
rPois   +          Reflect  .   (helmet restricted)
rElec   .          Harm     .   (no cloak)
rCorr   .          Rampage  .   (gloves unavailable)
Will    .....                   (boots unavailable)
Stlth   +.........              (no amulet)
HPRegen 0.23/turn               e - ring of poison resistance
MPRegen 0.15/turn               (no ring)

@: very slightly contaminated, lightly drained
A: large, unfitting armour, tough skin 1
a: no special abilities


You were on level 6 of the Dungeon.
You visited 1 branch of the dungeon, and saw 6 of its levels.

You collected 277 gold pieces.

Inventory:

Armour
 a - a +0 robe (worn)
Jewellery
 e - a ring of poison resistance (left hand)
Wands
 r - a wand of acid (11)
 t - a wand of iceblast (13)
Scrolls
 c - a scroll of blinking {unknown}
 d - 3 scrolls of teleportation {unknown}
 f - a scroll of fog {unknown}
 g - 6 scrolls of identify {unknown}
 j - 3 scrolls of enchant weapon {unknown}
 o - a scroll of brand weapon {unknown}
 q - a scroll of enchant armour {unknown}
Potions
 b - 2 potions of might {unknown}
 h - a potion of heal wounds {unknown}
 i - a potion of flight {unknown}
 k - a potion of attraction {unknown}
 l - a potion of berserk rage {unknown}
 m - a potion of haste {unknown}
 n - a potion of lignification {unknown}
 p - a potion of degeneration {unknown}
 s - a potion of brilliance {unknown}
 u - a potion of curing {unknown}


   Skills:
 + Level 5.2 Fighting
 + Level 3.9 Dodging
 - Level 2.6 Unarmed Combat
 * Level 6.6 Spellcasting
 * Level 5.3 Transmutations
 - Level 2.0 Ice Magic
 - Level 2.0 Poison Magic


You had 10 spell levels left.
You knew the following spells:

 Your Spells              Type           Power      Damage    Failure   Level
a - Beastly Appendage     Tmut           38%        N/A       1%          1
b - Wereblood             Tmut           19%        N/A       2%          2
c - Spider Form           Tmut/Pois      14%        N/A       10%         3
d - Ice Form              Ice/Tmut       14%        N/A       32%         4

Your spell library contained the following spells:

 Spells                   Type           Power      Damage    Failure   Level
 Ozocubu's Armour         Ice            10%        N/A       21%         3
 Alistair's Intoxication  Tmut/Pois      9%         N/A       67%         5
 Borgnjor's Vile Clutch   Necr/Erth      2%         N/A       99%         5
 Eringya's Noxious Bog    Tmut/Pois      7%         N/A       99%         6
 Ozocubu's Refrigeration  Ice            5%         4d6       100%        7


Dungeon Overview and Level Annotations

Branches:
Dungeon (6/15)
 Temple: D:4-7

Altars:
Ashenzari
Qazlal
Zin

Shops:
D:1 ?


Innate Abilities, Weirdness & Mutations

You are too large for most types of armour.
You have tough skin. (AC +1)


Message History

Your transformation is almost over.
A necrophage comes into view.
A necrophage is nearby!
A necrophage is nearby!
A shadow imp comes into view.
You warm up again.
Your +0 robe unmelds from your body.
You hit the necrophage.
The necrophage is lightly damaged.
You barely miss the necrophage.
The necrophage is lightly damaged.
The necrophage closely misses you.
You barely miss the necrophage.
The necrophage is lightly damaged.
The necrophage hits you.
You punch the necrophage!
The necrophage is moderately damaged.
The necrophage completely misses you.
Casting: Ice Form (dangerous; 32% risk of failure)
Confirm with . or Enter, or press ? or * to list all spells.
You miscast Ice Form.
You are very lightly contaminated with residual magic.
Your hands feel numb with cold!
The necrophage barely misses you.
There are monsters nearby!
Casting: Ice Form (dangerous; 32% risk of failure)
Confirm with . or Enter, or press ? or * to list all spells.
You miscast Ice Form.
You feel extremely cold!
* * * LOW HITPOINT WARNING * * *
The necrophage hits you!
* * * LOW HITPOINT WARNING * * *
Unknown command.
Casting: Ice Form (dangerous; 32% risk of failure)
Confirm with . or Enter, or press ? or * to list all spells.
You miscast Ice Form.
Nothing appears to happen.
The necrophage hits you but does no damage.
Unknown command.
The necrophage hits you.
* * * LOW HITPOINT WARNING * * *
You feel drained.
You die...

†.# # #..# ..##.#..
#.. ......). .....
.#####.. ..... .#
#.#.# .# #.#.# .#
#.#5# .# #.#n#
.#############.#@#.#
...................#
####################


You could see a necrophage and a shadow imp.

Vanquished Creatures
  Duvessa (D:4)
  A black bear (D:6)
  2 necrophages
  3 ogres (D:5)
  A sky beast (D:6)
  A centaur (D:5)
  3 scorpions (D:5)
  Dowan (D:4)
  A centaur zombie (D:5)
  A bullfrog zombie (D:5)
  A jelly (D:4)
  2 hounds (D:4)
  A centaur skeleton (D:5)
  2 iguanas (D:4)
  A hound skeleton (D:4)
  7 adders
  3 orcs
  6 endoplasms
  A giant cockroach (D:3)
  5 hobgoblins
  2 jackals (D:2)
  6 quokkas
  8 ball pythons
  4 bats
  4 frilled lizards (D:1)
  5 goblins
  5 kobolds
  3 rats
81 creatures vanquished.

Notes
Turn   | Place    | Note
-------+----------+-------------------------------------------
     0 | D:1      | Zeld the Ogre Transmuter began the quest for the Orb.
     0 | D:1      | Reached XP level 1. HP: 19/19 MP: 3/3
   615 | D:1      | Found a faded altar of an unknown god.
   817 | D:1      | Found Feshecvu's Magic Scroll Boutique.
   841 | D:1      | Reached XP level 2. HP: 24/27 MP: 3/5
   879 | D:1      | Learned a level 2 spell: Wereblood
  1323 | D:2      | Reached skill level 3 in Spellcasting
  1364 | D:2      | Reached XP level 3. HP: 35/35 MP: 5/7
  1368 | D:2      | Learned a level 3 spell: Spider Form
  2156 | D:3      | Reached XP level 4. HP: 30/44 MP: 5/9
  2667 | D:4      | Noticed Duvessa
  2667 | D:4      | Noticed Dowan
  2956 | D:4      | Reached XP level 5. HP: 33/52 MP: 6/10
  3026 | D:4      | Learned a level 4 spell: Ice Form
  3498 | D:4      | Reached skill level 4 in Spellcasting
  3790 | D:4      | Found a stormy altar of Qazlal.
  3828 | D:4      | Killed Duvessa
  3829 | D:4      | Reached XP level 6. HP: 35/61 MP: 7/12
  4072 | D:4      | Killed Dowan
  4259 | D:4      | Found a broken altar of Ashenzari.
  4260 | D:4      | Found a glowing silver altar of Zin.
  4260 | D:4      | Noticed a necrophage
  4429 | D:4      | Killed a necrophage
  4430 | D:4      | Reached skill level 1 in Ice Magic
  4430 | D:4      | Reached skill level 1 in Poison Magic
  4432 | D:4      | Reached XP level 7. HP: 67/67 MP: 9/14
  4924 | D:5      | Entered Level 5 of the Dungeon
  4933 | D:5      | Reached skill level 5 in Spellcasting
  5763 | D:5      | Reached XP level 8. HP: 70/79 MP: 12/16
  6392 | D:5      | Reached skill level 6 in Spellcasting
  6550 | D:6      | Reached skill level 5 in Transmutations
  6618 | D:6      | Reached skill level 5 in Fighting
  6682 | D:6      | HP: 1/80 [necrophage (6)]
  6682 | D:6      | Slain by a necrophage

Illustrated notes

Levels and vault maps discovered:
D:1:      scummos_arrival_gate, layout_basic, serial_shops, nicolae_shop_stone,
          dreamdust_ecumenical_altar_angels_and_demons
D:2:      layout_basic
D:3:      layout_loops_ring, st_stairs_14
D:4:      layout_loops_corners, grunt_qazlal_sundering, jmf_multi_god_temple,
          minivault_4, uniq_duvessa
D:5:      layout_loops_ring, kennysheep_another_room
D:6:      layout_loops_ring, gup_sewer_entry_bubbles, grunt_ministairs_9

Skill      XL: |  1  2  3  4  5  6  7  8 |
---------------+-------------------------+-----
Transmutations | 2 3 4 5 |  5.3
Dodging        | 2 3 |  3.9
Fighting       | 2 3 4 5 |  5.2
Spellcasting   | 3 4 5 6 |  6.6
Ice Magic      | 1 2 |  2.0
Poison Magic   | 1 2 |  2.0
Unarmed Combat | |  2.6

Action                   |  1- 3 |  4- 6 |  7- 9 || total
-------------------------+-------+-------+-------++-------
Melee: Unarmed           |   105 |    78 |   115 ||   298
       Kick              |    20 |     2 |       ||    22
       Headbutt          |     9 |     1 |       ||    10
       Punch             |     3 |       |       ||     3
 Cast: Beastly Appendage |    38 |     6 |       ||    44
       Spider Form       |     1 |     7 |    13 ||    21
       Ice Form          |       |     1 |     1 ||     2
 Abil: End Transformatio |       |       |     1 ||     1
Armor: Robe              |    26 |     4 |     2 ||    32
       Skin              |       |     2 |    14 ||    16
Dodge: Dodged            |    62 |    50 |   110 ||   222
